 Dungeon Crawl Stone Soup version 0.30-a0-1059-g7dea3e163d (webtiles) character file.

Game seed: 13014563172758196737

21 Lavandula the Twirler (level 2, -2/22 HPs)
             Began as a Demonspawn Gladiator on Apr 12, 2023.
             Frozen to death by an endoplasm (4 damage)
             ... on level 1 of the Dungeon.
             The game lasted 00:01:06 (1192 turns).

Lavandula the Twirler (Demonspawn Gladiator)        Turns: 1192, Time: 00:01:07

Health: -2/22      AC:  6    Str: 20    XL:     2   Next: 65%
Magic:  2/2        EV: 11    Int:  9    God:
Gold:   61         SH:  0    Dex: 14    Spells: 1/1 levels left

rFire   . . .      SeeInvis .    m - +1 rapier "Qeiwik" {freeze, Str+6 Stlth+}
rCold   . . .      Faith    .    (no shield)
rNeg    + . .      Spirit   .    i - +0 ring mail
rPois   .          Reflect  .    c - +0 helmet
rElec   .          Rampage  .    (no cloak)
rCorr   .                        (no gloves)
Will    .....                    (no boots)
Stlth   ++                       j - amulet of the acrobat
HPRegen 0.23/turn                f - ring of positive energy
MPRegen 0.08/turn                (no ring)

@: no status effects
A: powered by pain 1
a: no special abilities


You were on level 1 of the Dungeon.
You visited 1 branch of the dungeon, and saw 2 of its levels.

You collected 61 gold pieces.

Inventory:

Hand Weapons
 a - a +0 quarterstaff
 m - the +1 rapier "Qeiwik" (weapon) {freeze, Str+6 Stlth+}
   (You found it on level 2 of the Dungeon)

   Str:       It affects your strength (+6).
   Stlth:     It makes you more stealthy.
Missiles
 d - 3 throwing nets (quivered)
 e - 5 javelins
Armour
 b - a +0 leather armour
 c - a +0 helmet (worn)
 i - a +0 ring mail (worn)
Jewellery
 f - a ring of positive energy (left hand)
 j - an amulet of the acrobat (around neck)
Scrolls
 g - 3 scrolls of identify {unknown}
 k - a scroll of enchant weapon {unknown}
Potions
 h - a potion of cancellation {unknown}
 l - a potion of lignification {unknown}


   Skills:
 - Level 2.0 Fighting
 + Level 0.5 Short Blades
 - Level 3.5 Staves
 - Level 1.7 Throwing
 - Level 2.6 Dodging


You had one spell level left.
You didn't know any spells.
Your spell library contained the following spells:

 Spells                   Type           Power      Damage    Failure   Level
 Ensorcelled Hibernation  Hex/Ice        0%         N/A       71%         2
 Passwall                 Tmut/Erth      0%         N/A       71%         2
 Swiftness                Air            0%         N/A       91%         3


Dungeon Overview and Level Annotations

Branches:
Dungeon (2/15)

Altars:


Innate Abilities, Weirdness & Mutations

You sometimes gain a little power by taking damage.


Message History

The ball python completely misses you. The endoplasm closely misses you.
You climb upwards.
There is a stone staircase leading down here.
Unknown command.
You closely miss the ball python.
The ball python bites you but does no damage.
The ball python barely misses you.
The endoplasm hits you but does no damage.
The ball python barely misses you. The ball python grabs you.
The ball python constricts you.
Unknown command.
You completely miss the ball python. The ball python bites you.
The ball python constricts you. The endoplasm freezes you.
You are frozen.
Unknown command.
The ball python's grasp on you weakens, but your attempt to escape fails.
The ball python bites you but does no damage.
The ball python constricts you. The endoplasm freezes you.
You are frozen.
* * * LOW HITPOINT WARNING * * *
Unknown command.
You escape the ball python's grasp.
The ball python attacks as you move away!
The ball python closely misses you.
Unknown command.
You barely miss the ball python. The ball python bites you.
* * * LOW HITPOINT WARNING * * *
The ball python barely misses you. The endoplasm misses you.
The ball python barely misses you. The ball python grabs you.
The ball python constricts you.
Unknown command.
You escape the ball python's grasp.
Unknown command.
Unknown command.
You hit the endoplasm but do no damage. The endoplasm freezes you.
You are frozen.
You die...

.# #.##......### #.#
.# #.##############.#
.########
#.########.....#.#
........#
#.#............#.#
#.#####.#
#....#####.....#.# #.#
#.# #....# #.....#.#
#.# #.# #....#
#.....#.# #.# #.#
#....#####....)#.#####
#.# #.#
#.#..@...........#....
..# #.#
#.#.J########.####.###
### #.#
#.#.S#...........#.# #
#.#
###>.#.######.##.#.#
#######.#
#..#.#......##.#.#
##......#
#..#.#...#####.#.#
##.###### #..#.#[..#
#.#.# ##.# #..#.#...#
#.#.# ##.# #..#.#...#
#.#.#


You could see an endoplasm and a ball python.

Vanquished Creatures
  A dart slug (D:2)
  A ball python (D:1)
  2 endoplasms (D:1)
  A giant cockroach (D:2)
  2 goblins
  3 hobgoblins
  2 kobolds (D:2)
  A quokka (D:2)
  2 bats (D:1)
15 creatures vanquished.

Notes
Turn   | Place    | Note
-------+----------+-------------------------------------------
     0 | D:1      | Lavandula the Demonspawn Gladiator began the quest for the
                  | Orb.
     0 | D:1      | Reached XP level 1. HP: 16/16 MP: 1/1
   248 | D:1      | Reached skill level 3 in Staves
   716 | D:1      | Gained mutation: You sometimes gain a little power by
                  | taking damage. [demonic ancestry]
   716 | D:1      | Reached XP level 2. HP: 22/22 MP: 2/2
  1133 | D:2      | Identified the +1 rapier "Qeiwik" {freeze, Str+6 Stlth+}
  1189 | D:1      | HP: 1/22 [ball python (2)]
  1192 | D:1      | Frozen to death by an endoplasm

Illustrated notes

Levels and vault maps discovered:
D:1:      amcnicky_arrival_wind_blow, layout_basic
D:2:      kennysheep_the_goblin_king, layout_basic

Skill      XL: |  1 |
---------------+----+-----
Staves         | 3 |  3.5
Fighting       | |  2.0
Short Blades   | |  0.5
Throwing       | |  1.7
Dodging        | |  2.6

Action                     || total
---------------------------++-------
  Melee: Quarterstaff      ||    23
         Rapier            ||    12
 Armour: Ring mail         ||    13
         Leather armour    ||     3
  Dodge: Dodged            ||    38

Table legend: (Time is in decaauts)
 A = Elapsed time spent in this place.
 B = Non-inter-level travel time spent in this place.
 C = Inter-level travel time spent in this place.
 D = Time resting spent in this place.
 E = Time spent auto-exploring this place.
 F = Levels seen in this place.
 G = Mean time per level.
                   A        B        C        D        E       F      G
               +--------+--------+--------+--------+--------+-----+--------+
         Total |   1196 |   1175 |     21 |      0 |   1010 |   2 |  598.0 |
       Dungeon |   1196 |   1175 |     21 |      0 |   1010 |   2 |  598.0 |
               +--------+--------+--------+--------+--------+-----+--------+

Top non-repeatable levels by time:
     D:1: 1026 daAuts
     D:2: 170 daAuts
